 Dungeon Crawl Stone Soup version 0.23.2-30-g0e89c35649 (webtiles) character file.

Game seed: 16811085278369144901

985 doot the Gusty (level 8, 0/42 HPs)
             Began as a Tengu Air Elementalist on June 25, 2019.
             Was a Follower of Vehumet.
             Slain by a killer bee (8 damage)
             ... on level 5 of the Dungeon.
             The game lasted 00:14:23 (4833 turns).

doot the Gusty (Tengu Air Elementalist)             Turns: 4833, Time: 00:14:24

Health: 0/42       AC:  2    Str:  8    XL:     8   Next: 18%
Magic:  11/16      EV: 16    Int: 23    God:    Vehumet [*.....]
Gold:   279        SH:  0    Dex: 15    Spells: 9/16 levels left

rFire    . . .     SeeInvis .   r - +2 rapier (elec)
rCold    + . .     Gourm    .   (no shield)
rNeg     . . .     Faith    +   a - +0 robe
rPois    .         Spirit   .   (helmet restricted)
rElec    .         Reflect  .   (no cloak)
rCorr    .         Harm     .   (no gloves)
MR       .....                  (boots unavailable)
Stlth    ++........             n - amulet of faith
HPRegen  0.14/turn              p - ring of protection from cold
MPRegen  0.15/turn              (no ring)

@: brilliant, lethally poisoned (0 -> -3), flying quickly and evasively, quick
A: beak, talons 3, able to fly
a: Stop Flying, Renounce Religion


You were on level 5 of the Dungeon.
You worshipped Vehumet.
Vehumet was aware of your devotion.
You were hungry.

You visited 2 branches of the dungeon, and saw 6 of its levels.

You collected 279 gold pieces.

Inventory:

Hand Weapons
 l - a +0 short sword
 r - a +2 rapier of electrocution (weapon)
Armour
 a - a +0 robe (worn)
Jewellery
 n - an amulet of faith (around neck)
 p - a ring of protection from cold (left hand)
Wands
 j - a wand of digging (8)
Scrolls
 d - a scroll of random uselessness {unknown}
 e - 3 scrolls of remove curse {unknown}
 h - 2 scrolls of teleportation {unknown}
 i - 7 scrolls of identify {unknown}
 s - 3 scrolls of enchant armour {unknown}
 t - a scroll of magic mapping {unknown}
Potions
 b - 2 potions of curing {unknown}
 f - 3 potions of brilliance
 g - 2 potions of flight {unknown}
 k - 2 potions of haste {unknown}
 m - a potion of mutation {unknown}
 o - 4 potions of degeneration {unknown}
 q - a potion of lignification {unknown}
 u - a potion of agility {unknown}
Comestibles
 c - 8 rations
 v - 7 chunks of flesh


   Skills:
 + Level 0.6 Fighting
 + Level 3.7 Dodging
 + Level 3.0 Stealth
 + Level 4.8 Spellcasting
 + Level 5.8 Conjurations
 + Level 7.9 Air Magic


You had 9 spell levels left.
You knew the following spells:

 Your Spells              Type           Power        Failure   Level  Hunger
a - Shock                 Conj/Air       ####         1%          1    None
b - Airstrike             Air            ######....   1%          4    ####...
c - Swiftness             Chrm/Air       #####...     1%          2    None

Your spell library contained the following spells:

 Spells                   Type           Power        Failure   Level  Hunger
 Magic Dart               Conj           ####         1%          1    None
 Static Discharge         Conj/Air       ######..     1%          3    ##.....
 Lightning Bolt           Conj/Air       ######....   1%          5    #####..


Dungeon Overview and Level Annotations

Branches:
Dungeon (5/15)             Temple (1/1) D:4

Altars:
Ashenzari
Elyvilon
Ru
Sif Muna
Trog
Uskayaw
Vehumet
Xom


Innate Abilities, Weirdness & Mutations

You have a beak for a mouth.
You have claws for feet.
You can fly continuously.


Message History

Casting: Shock (safe; 1% risk of failure)
Confirm with . or Enter, or press ? or * to list all spells.
Aiming: Shock (safe; 1% risk of failure)
Press: ? - help, Shift-Dir - straight line The zap misses the killer bee.
The zap hits the killer bee!
You kill the killer bee!
Vehumet accepts your kill.
Your Stealth skill increases to level 3!
The zap hits the killer bee.
The killer bee is moderately wounded.
The zap hits the killer bee.
The killer bee is lightly wounded.
The zap misses the killer bee.
You feel sick. The killer bee barely misses you. The killer bee stings you.
* * * LOW HITPOINT WARNING * * *
Unknown command.
It was a potion of brilliance.
You feel clever all of a sudden. The killer bee barely misses you.
The killer bee stings you!
You die...

#l ..# .# #.).## #.# ### .#..%
#.# ..# ...y# #.# #.# #.#.# #.#
#.# #.#.# #.# #.# #.#.##
#######.##.# ##.##
#.y..###yyyy@...#.# ##...#
#........#####).#.# #.....
#####....##..# #..#.# #....#
#.....#####..# #....# #.#.##
#.##### #.)#####....######.#.#
#÷#########..................#.#
..÷..........######.##########.#
.############# #.# #.# . #.# #.#


You could see 4 killer bees.

Vanquished Creatures
  Eustachio (D:4)
  An ice beast (D:5)
  An ogre (D:3)
  A scorpion (D:5)
  2 killer bees (D:5)
  An orc priest (D:4)
  3 hounds
  An iguana (D:4)
  Jessica (D:2)
  Ijyb (D:3)
  An orc wizard (D:4)
  Natasha (D:1)
  4 worker ants
  A hound skeleton (D:4)
  5 adders
  A shadow imp (D:2)
  2 oozes (D:2)
  2 worms (D:2)
  A dart slug (D:1)
  3 leopard geckos
  10 orcs
  6 bats
  6 giant cockroaches
  12 goblins
  13 hobgoblins
  10 jackals
  3 quokkas
  A ball python (D:4)
  2 frilled lizards
  6 kobolds
  5 rats
108 creatures vanquished.

Notes
Turn   | Place    | Note
-------+----------+-------------------------------------------
     0 | D:1      | doot the Tengu Air Elementalist began the quest for the
                  | Orb.
     0 | D:1      | Reached XP level 1. HP: 10/10 MP: 4/4
   203 | D:1      | Reached XP level 2. HP: 15/15 MP: 1/6
  1212 | D:2      | Reached XP level 3. HP: 19/19 MP: 1/7
  1285 | D:2      | Reached skill level 5 in Air Magic
  1544 | D:2      | Reached XP level 4. HP: 13/24 MP: 2/8
  1634 | D:2      | Noticed Natasha
  1811 | D:1      | Killed Natasha
  2141 | D:2      | Noticed Jessica
  2147 | D:2      | Killed Jessica
  2147 | D:2      | Gained mutation: You can fly continuously. [Tengu growth]
  2147 | D:2      | Reached XP level 5. HP: 23/28 MP: 7/11
  3020 | D:3      | Noticed Ijyb
  3070 | D:3      | Killed Ijyb
  3216 | D:3      | Found a shattered altar of Ashenzari.
  3216 | D:3      | Found a radiant altar of Vehumet.
  3217 | D:3      | Found a hide-covered altar of Uskayaw.
  3256 | D:3      | Became a worshipper of Vehumet
  3374 | D:3      | Found a bloodstained altar of Trog.
  3507 | D:3      | Noticed an ogre
  3514 | D:3      | Learned a level 4 spell: Airstrike
  3517 | D:3      | Learned a level 2 spell: Swiftness
  3530 | D:3      | Killed an ogre
  3530 | D:3      | Reached skill level 6 in Air Magic
  3530 | D:3      | Reached XP level 6. HP: 32/32 MP: 5/12
  3919 | D:4      | Found a sacrificial altar of Ru.
  3974 | D:4      | Found a staircase to the Ecumenical Temple.
  3984 | D:4      | Reached * piety under Vehumet
  3984 | D:4      | Offered knowledge of Magic Dart by Vehumet.
  4051 | D:4      | Reached XP level 7. HP: 30/36 MP: 9/14
  4252 | D:4      | Noticed Eustachio
  4275 | D:4      | Killed Eustachio
  4275 | D:4      | Reached skill level 7 in Air Magic
  4376 | Temple   | Entered the Ecumenical Temple
  4401 | D:5      | Entered Level 5 of the Dungeon
  4677 | D:5      | Reached skill level 5 in Conjurations
  4730 | D:5      | Reached XP level 8. HP: 37/42 MP: 11/15
  4833 | D:5      | Slain by a killer bee

Skill      XL: |  1  2  3  4  5  6  7  8 |
---------------+-------------------------+-----
Air Magic      | 5 6 7 |  7.9
Conjurations   | 2 3 5 |  5.8
Spellcasting   | 3 4 |  4.8
Dodging        | 3 |  3.7
Stealth        | 3 |  3.0
Fighting       | |  0.6

Action                   |  1- 3 |  4- 6 |  7- 9 || total
-------------------------+-------+-------+-------++-------
Melee: Rapier            |       |       |     6 ||     6
       Peck              |       |       |     1 ||     1
 Cast: Shock             |    68 |   104 |    35 ||   207
       Airstrike         |       |     1 |     6 ||     7
 Abil: Fly               |       |     1 |       ||     1
  Use: Potion            |       |       |     1 ||     1
 Stab: Sleeping          |       |       |     1 ||     1
  Eat: Chunk             |     3 |     7 |     3 ||    13
Armor: Robe              |     4 |     8 |     3 ||    15
Dodge: Dodged            |    27 |    52 |    28 ||   107
